 Dungeon Crawl Stone Soup version 0.27-a0-1565-gad902ab807 (webtiles) character file.

Game seed: 791899373196754185

70 Gwenloh the Cudgeller (level 4, -4/41 HPs)
             Began as a Troll Gladiator on July 16, 2021.
             Slain by a black bear (11 damage)
             ... on level 3 of the Dungeon.
             The game lasted 00:02:59 (1394 turns).

Gwenloh the Cudgeller (Troll Gladiator)             Turns: 1394, Time: 00:03:00

Health: -4/41      AC:  4    Str: 22    XL:     4   Next: 3%
Magic:  3/3        EV: 10    Int:  4    God:
Gold:   81         SH:  0    Dex: 12    Spells: 3/3 levels left

rFire    . . .     SeeInvis .   a - +0 flail
rCold    . . .     Faith    .   (no shield)
rNeg     . . .     Spirit   .   b - +0 robe
rPois    .         Reflect  .   c - +0 hat
rElec    .         Harm     .   (no cloak)
rCorr    .         Rampage  .   (gloves unavailable)
Will     .....                  (boots unavailable)
Stlth    +.........             (no amulet)
HPRegen  1.13/turn              (no ring)
MPRegen  0.08/turn              (no ring)

@: no status effects
A: large, unfitting armour, claws 3, regeneration 1, shaggy fur 1, tough skin 1
a: no special abilities


You were on level 3 of the Dungeon.
You visited 1 branch of the dungeon, and saw 3 of its levels.

You collected 81 gold pieces.

Inventory:

Hand Weapons
 a - a +0 flail (weapon)
Missiles
 d - 3 throwing nets
 h - 5 boomerangs (quivered)
Armour
 b - a +0 robe (worn)
 c - a +0 hat (worn)
Jewellery
 e - a +4 ring of evasion
Scrolls
 f - 2 scrolls of identify {unknown}
 i - a scroll of blinking {unknown}
Potions
 g - a potion of brilliance {unknown}
 j - a potion of curing {unknown}
 k - 2 potions of degeneration {unknown}


   Skills:
 - Level 1.5 Fighting
 * Level 4.3 Maces & Flails
 + Level 2.1 Throwing
 - Level 2.4 Dodging


You had 3 spell levels left.
You didn't know any spells.
Your spell library was empty.

Dungeon Overview and Level Annotations

Branches:
Dungeon (3/15)

Altars:
Nemelex Xobeh


Innate Abilities, Weirdness & Mutations

You are too large for most types of armour.
You have claws for hands.
Your natural rate of healing is unusually fast.
You are covered in fur. (AC +1)
You have tough skin. (AC +1)


Message History

A ball python comes into view.
The goblin hits you with a +0 club.
You sock the goblin!
You kill the goblin!
You throw a boomerang. The boomerang hits the ball python.
You kill the ball python!
You see here a +0 club.
A black bear comes into view.
The black bear growls angrily.
You hear an angry hiss.
You throw a boomerang. The boomerang hits the black bear.
The black bear is lightly wounded.
A jelly comes into view.
You throw a boomerang. The jelly quivers.
The boomerang hits the black bear.
The black bear is moderately wounded.
A frilled lizard comes into view.
You throw a boomerang. The boomerang hits the black bear.
The black bear is moderately wounded.
You sock the black bear!
The black bear is severely wounded.
The black bear goes berserk!
You sock the black bear!
The black bear is almost dead.
The black bear bites you!
The black bear claws you but does no damage.
The black bear claws you. The black bear bites you. The black bear claws you.
The black bear claws you but does no damage.
You are too injured to fight recklessly!
The black bear barely misses you. x2; The black bear claws you.
The black bear bites you! The black bear claws you.
* * * LOW HITPOINT WARNING * * *
The black bear barely misses you. The black bear bites you!
* * * LOW HITPOINT WARNING * * *
The black bear closely misses you. x2
You see here a +0 club.
You see here a quokka corpse.
The black bear bites you!
You die...

##.# #... #..#
#.. ... #.#
#.# #@#
######h#
#.####....l.##
.............#
.###..J##...#
#.#.###..#
#...###..#
#..J###.....#
#.#. #.#...#


You could see a black bear (berserk) and a frilled lizard.

Vanquished Creatures
  An adder (D:2)
  A worm (D:2)
  A dart slug (D:2)
  8 endoplasms
  A giant cockroach (D:2)
  7 hobgoblins
  6 jackals (D:1)
  2 kobolds (D:1)
  3 quokkas
  5 ball pythons
  3 bats
  A frilled lizard (D:2)
  5 goblins
  5 rats
49 creatures vanquished.

Notes
Turn   | Place    | Note
-------+----------+-------------------------------------------
     0 | D:1      | Gwenloh the Troll Gladiator began the quest for the Orb.
     0 | D:1      | Reached XP level 1. HP: 19/19 MP: 0/0
    83 | D:1      | Reached skill level 3 in Maces & Flails
   107 | D:1      | Reached XP level 2. HP: 27/27 MP: 1/1
   465 | D:1      | Reached XP level 3. HP: 33/33 MP: 2/2
   717 | D:2      | Reached skill level 4 in Maces & Flails
   857 | D:2      | Found a sparkling altar of Nemelex Xobeh.
  1222 | D:2      | Found a faded altar of an unknown god.
  1359 | D:3      | Reached XP level 4. HP: 41/41 MP: 3/3
  1381 | D:3      | Noticed a black bear
  1394 | D:3      | Slain by a black bear

Illustrated notes

Levels and vault maps discovered:
D:1:      sevenhm_arrival_forest_fort_small_4, layout_loops_ring
D:2:      layout_rooms, basic_altar, shapermc_ecumenical_altar_mp_vishouse,
          minmay_pentomino_t2
D:3:      layout_loops_ring, minmay_starry_boxes

Skill      XL: |  1  2  3 |
---------------+----------+-----
Maces & Flails | 3 4 |  4.3
Throwing       | 2 |  2.1
Fighting       | |  1.5
Dodging        | |  2.4

Action                   |  1- 3 |  4- 6 || total
-------------------------+-------+-------++-------
Melee: Flail             |    91 |     4 ||    95
Throw: Boomerang         |    28 |     7 ||    35
 Stab: Sleeping          |     3 |       ||     3
Armor: Robe              |    23 |     2 ||    25
Dodge: Dodged            |    39 |     5 ||    44

Table legend: (Time is in decaauts)
 A = Elapsed time spent in this place.
 B = Non-inter-level travel time spent in this place.
 C = Inter-level travel time spent in this place.
 D = Time resting spent in this place.
 E = Time spent auto-exploring this place.
 F = Levels seen in this place.
 G = Mean time per level.
                   A        B        C        D        E       F      G
               +--------+--------+--------+--------+--------+-----+--------+
         Total |   1433 |   1395 |     38 |      5 |   1084 |   3 |  477.7 |
       Dungeon |   1433 |   1395 |     38 |      5 |   1084 |   3 |  477.7 |
               +--------+--------+--------+--------+--------+-----+--------+

Top non-repeatable levels by time:
     D:2: 697 daAuts
     D:1: 694 daAuts
     D:3: 41 daAuts
